 Dungeon Crawl Stone Soup version 0.31-a0-845-g9abc20d24f (webtiles) character file.

Game seed: 6325432939933836500

173 croobank the Covert (level 5, 0/47 HPs)
             Began as a Gnoll Delver on Oct 2, 2023.
             Succumbed to a scorpion's poison
             ... on level 4 of the Dungeon.
             The game lasted 00:07:55 (2611 turns).

croobank the Covert (Gnoll Delver)                  Turns: 2611, Time: 00:07:55

Health: 0/47       AC:  3    Str: 11    XL:     5   Next: 53%
Magic:  7/7        EV: 18    Int: 12    God:
Gold:   100        SH:  0    Dex: 13    Spells: 7/7 levels left

rFire   + . .        a - +0 short sword
rCold   + . .        (no shield)
rNeg    + . .        b - +0 leather armour
rPois   +            (no helmet)
rElec   +            (no cloak)
rCorr   +            (no gloves)
SInv    .            (no boots)
Will    .....        (no amulet)
Stlth   ++++         h - +5 ring of evasion
HPRegen 0.27/turn    m - ring of positive energy
MPRegen 0.10/turn

%: no passive effects
@: mighty, lethally poisoned (0 -> -4), resistant, hasted, very quick
A: fangs 1, strong nose, distributed training
a: no special abilities


You were on level 4 of the Dungeon.
You visited 1 branch of the dungeon, and saw 6 of its levels.

You collected 180 gold pieces.
You spent 80 gold pieces at shops.

Inventory:

Hand Weapons
 a - a +0 short sword (weapon)
 k - a +0 dagger
 o - a +0 sling
Missiles
 i - 7 boomerangs
Armour
 b - a +0 leather armour (worn)
 n - a +0 buckler
Jewellery
 h - a +5 ring of evasion (left hand)
 m - a ring of positive energy (right hand)
Wands
 g - a wand of digging (2)
 s - a wand of quicksilver (7)
Scrolls
 c - a scroll of fog
 d - 2 scrolls of revelation
 e - 5 scrolls of poison {unknown}
 j - 3 scrolls of enchant armour {unknown}
 r - 2 scrolls of blinking {unknown}
 t - a scroll of teleportation {unknown}
Potions
 p - 2 potions of brilliance
 u - 2 potions of lignification
 v - a potion of might
 x - a potion of attraction


   Skills:
 + Level 6.7 Fighting
 + Level 4.8 Short Blades
 + Level 1.5 Long Blades
 + Level 1.5 Axes
 + Level 1.5 Maces & Flails
 + Level 1.5 Polearms
 + Level 1.5 Staves
 + Level 1.5 Ranged Weapons
 + Level 1.5 Throwing
 + Level 1.5 Armour
 + Level 4.8 Dodging
 + Level 9.7 Stealth
 + Level 1.5 Shields
 + Level 1.5 Unarmed Combat
 + Level 1.5 Spellcasting
 + Level 1.2 Conjurations
 + Level 1.2 Hexes
 + Level 1.2 Summonings
 + Level 1.2 Necromancy
 + Level 1.2 Translocations
 + Level 1.2 Transmutations
 + Level 1.2 Fire Magic
 + Level 1.2 Ice Magic
 + Level 1.2 Air Magic
 + Level 1.2 Earth Magic
 + Level 1.2 Poison Magic
 + Level 1.7 Invocations
 + Level 1.5 Evocations
 + Level 1.4 Shapeshifting


You had 7 spell levels left.
You didn't know any spells.
Your spell library contained the following spells:

 Spells                   Type           Power      Damage    Failure   Level
 Blink                    Tloc           6%         N/A       34%         2
 Manifold Assault         Tloc           3%         N/A       92%         4
 Olgreb's Toxic Radiance  Pois           3%         N/A       92%         4
 Discord                  Hex            1%         N/A       100%        8
 Ignition                 Fire           1%         3d3       100%        8


Dungeon Overview and Level Annotations

Branches:
Dungeon (6/15)
 Temple: D:4-7

Altars:
Ru
Sif Muna
Trog

Shops:
D:3 !

Portals:
Abyss: D:3

Annotations:
D:3 2 transporters, Mightysalt's ghost, amateur DrHu


Innate Abilities, Weirdness & Mutations

You have very sharp teeth.
Your uncanny sense of smell can sniff out nearby items.
Your experience applies equally to all skills.


Message History

You feel very sick. The ufetubus closely misses you. The ufetubus misses you.
The scorpion misses you. The ufetubus barely misses you.
The ufetubus closely misses you.
You barely miss the scorpion.
You feel very sick. The ufetubus misses you. The ufetubus barely misses you.
The scorpion completely misses you.
You closely miss the scorpion.
You feel sick. The ufetubus misses you. The ufetubus completely misses you.
The scorpion stings you.
* * * LOW HITPOINT WARNING * * *
You barely miss the scorpion. You bite the scorpion!
The scorpion is moderately wounded.
* * * LOW HITPOINT WARNING * * *
You feel very sick. The ufetubus closely misses you. The ufetubus misses you.
The scorpion completely misses you.
You feel protected.
* * * LOW HITPOINT WARNING * * *
You feel sick. The ufetubus completely misses you. The ufetubus misses you.
The ufetubus closely misses you. The ufetubus completely misses you.
The scorpion closely misses you.
You feel yourself speed up.
* * * LOW HITPOINT WARNING * * *
You feel sick. The ufetubus barely misses you.
The ufetubus hits you but does no damage.
The scorpion misses you.
You hit the scorpion.
The scorpion is severely wounded.
* * * LOW HITPOINT WARNING * * *
You feel sick. The ufetubus misses you. The ufetubus hits you.
* * * LOW HITPOINT WARNING * * *
The scorpion completely misses you.
You hit the scorpion.
The scorpion is severely wounded.
* * * LOW HITPOINT WARNING * * *
You feel sick. The ufetubus misses you. The ufetubus barely misses you.
You closely miss the scorpion.
The scorpion is severely wounded.
You die...

.#..........## #.## .
.##..........# #.. #..
.............###.# ...#
...........#..#..# ...#
#.......####..#..###...#
........###......)#....##
........##......S.......#
##....##########5s.....##
#....## .~~~~~~~@..#####
##.#.###########..##
##.#...)##..........#
##.....##............#
........#.....#>....##
.#...........##..#.##
##...............#..
##....##......#.....#
.......#..#<.##


You could see a scorpion, an adder and an ufetubus.

Vanquished Creatures
  An orc priest (D:3)
  2 adders (D:2)
  5 worms
  4 dart slugs
  8 orcs
  8 endoplasms
  2 giant cockroaches
  17 goblins
  10 hobgoblins
  3 jackals (D:3)
  7 kobolds
  2 quokkas
  9 ball pythons
  6 bats
  A frilled lizard (D:2)
  3 rats
88 creatures vanquished.

Notes
Turn   | Place    | Note
-------+----------+-------------------------------------------
     0 | D:5      | Reached skill level 9 in Stealth
     0 | D:5      | croobank the Gnoll Delver began the quest for the Orb.
     0 | D:5      | Reached XP level 1. HP: 23/23 MP: 1/1
     1 | D:6      | Noticed a sky beast
    14 | D:5      | Found a shimmering blue altar of Sif Muna.
    66 | D:4      | Reached XP level 2. HP: 25/29 MP: 2/2
   209 | D:2      | Reached XP level 3. HP: 35/35 MP: 3/3
   300 | D:1      | Reached skill level 1 in Invocations
   448 | D:1      | Reached skill level 1 in Long Blades
   448 | D:1      | Reached skill level 1 in Axes
   448 | D:1      | Reached skill level 1 in Maces & Flails
   448 | D:1      | Reached skill level 1 in Polearms
   448 | D:1      | Reached skill level 1 in Staves
   448 | D:1      | Reached skill level 1 in Ranged Weapons
   448 | D:1      | Reached skill level 1 in Throwing
   448 | D:1      | Reached skill level 1 in Armour
   448 | D:1      | Reached skill level 1 in Shields
   448 | D:1      | Reached skill level 1 in Unarmed Combat
   448 | D:1      | Reached skill level 1 in Spellcasting
   448 | D:1      | Reached skill level 1 in Evocations
   656 | D:1      | Reached XP level 4. HP: 29/41 MP: 5/5
   910 | D:2      | Reached skill level 1 in Shapeshifting
  1120 | D:2      | Reached skill level 1 in Conjurations
  1120 | D:2      | Reached skill level 1 in Hexes
  1120 | D:2      | Reached skill level 1 in Summonings
  1120 | D:2      | Reached skill level 1 in Necromancy
  1120 | D:2      | Reached skill level 1 in Translocations
  1120 | D:2      | Reached skill level 1 in Transmutations
  1120 | D:2      | Reached skill level 1 in Fire Magic
  1120 | D:2      | Reached skill level 1 in Ice Magic
  1120 | D:2      | Reached skill level 1 in Air Magic
  1120 | D:2      | Reached skill level 1 in Earth Magic
  1120 | D:2      | Reached skill level 1 in Poison Magic
  1909 | D:3      | Found a sacrificial altar of Ru.
  1943 | D:3      | Found Riwes's Distillery.
  1950 | D:3      | Reached XP level 5. HP: 47/47 MP: 6/6
  2012 | D:3      | Bought a potion of lignification for 30 gold pieces
  2012 | D:3      | Bought a potion of heal wounds for 50 gold pieces
  2013 | D:3      | Found a transporter.
  2033 | D:3      | Found a bloodstained altar of Trog.
  2109 | D:3      | Found a one-way gate to the infinite horrors of the Abyss.
  2109 | D:3      | Noticed Mightysalt's ghost (amateur DrHu)
  2109 | D:3      | Noticed a small abomination
  2145 | D:3      | Found a transporter.
  2149 | D:3      | Noticed a kobold brigand
  2609 | D:4      | HP: 2/47 [ufetubus (1)]
  2611 | D:4      | Succumbed to a scorpion's poison

Illustrated notes

Levels and vault maps discovered:
D:1:      nagdon_arrival_zigzag_paths, layout_basic
D:2:      minmay_inner_zag, layout_basic
D:3:      layout_rooms, mainiacjoe_overflow_24_doors, nicolae_ru_path_of_blood,
          gammafunk_ghost_abyssal_escape, serial_shops,
          nicolae_shop_tiny_statue_garden, solitary_fountain
D:4:      cheibrodos_greedy_goblins, layout_cave_pools, portal_sewer_entry_d,
          chequers_serial_rivers_large_b, nicolae_custom_books, st_stairs_4,
          guppyfry_shop_venom
D:5:      layout_loops_corners, kennysheep_mini, kennysheep_little_box,
          kennysheep_big_empty_room
D:6:      kennysheep_six_static_rooms, layout_layer_cave,
          minmay_temple_entry_butterflies, hex_tiny

Skill      XL: |  1  2  3  4 |
---------------+-------------+-----
Stealth        | |  9.7
Invocations    | 1 |  1.7
Long Blades    | 1 |  1.5
Axes           | 1 |  1.5
Maces & Flails | 1 |  1.5
Polearms       | 1 |  1.5
Staves         | 1 |  1.5
Ranged Weapons | 1 |  1.5
Throwing       | 1 |  1.5
Armour         | 1 |  1.5
Shields        | 1 |  1.5
Unarmed Combat | 1 |  1.5
Spellcasting   | 1 |  1.5
Evocations     | 1 |  1.5
Shapeshifting  | 1 |  1.4
Conjurations   | 1 |  1.2
Hexes          | 1 |  1.2
Summonings     | 1 |  1.2
Necromancy     | 1 |  1.2
Translocations | 1 |  1.2
Transmutations | 1 |  1.2
Fire Magic     | 1 |  1.2
Ice Magic      | 1 |  1.2
Air Magic      | 1 |  1.2
Earth Magic    | 1 |  1.2
Poison Magic   | 1 |  1.2
Fighting       | |  6.7
Short Blades   | |  4.8
Dodging        | |  4.8

Action                     |  1- 3 |  4- 6 || total
---------------------------+-------+-------++-------
  Melee: Short sword       |   142 |   175 ||   317
         Bite              |     5 |    12 ||    17
         Punch             |     2 |     3 ||     5
  Evoke: Wand              |     1 |       ||     1
    Use: Scroll            |     1 |     5 ||     6
         Potion            |       |     6 ||     6
   Stab: Sleeping          |     8 |    22 ||    30
         Distracted        |       |     1 ||     1
 Armour: Leather armour    |    44 |    61 ||   105
  Dodge: Dodged            |   123 |   144 ||   267

Table legend: (Time is in decaauts)
 A = Elapsed time spent in this place.
 B = Non-inter-level travel time spent in this place.
 C = Inter-level travel time spent in this place.
 D = Time resting spent in this place.
 E = Time spent auto-exploring this place.
 F = Levels seen in this place.
 G = Mean time per level.
                   A        B        C        D        E       F      G
               +--------+--------+--------+--------+--------+-----+--------+
         Total |   2535 |   2425 |    110 |    192 |   1407 |   6 |  422.5 |
       Dungeon |   2535 |   2425 |    110 |    192 |   1407 |   6 |  422.5 |
               +--------+--------+--------+--------+--------+-----+--------+

Top non-repeatable levels by time:
     D:2: 994 daAuts
     D:3: 631 daAuts
     D:1: 597 daAuts
     D:4: 280 daAuts
     D:5: 24 daAuts
     D:6: 7 daAuts
